 Dungeon Crawl Stone Soup version 0.31.0-12-g77e489cdc1 (webtiles) character file.

Game seed: 13745059229640310745

1946 monsoonserge the Ruffian (level 9, -1/67 HPs)
             Began as a Gnoll Shapeshifter on Feb 26, 2024.
             Slain by an orc warrior
             ... wielding a +0 halberd
              (17 damage)
             ... on level 5 of the Dungeon.
             The game lasted 00:13:03 (4560 turns).

monsoonserge the Ruffian (Gnoll Shapeshifter)       Turns: 4560, Time: 00:13:04

Health: -1/67      AC:  2    Str: 19    XL:     9   Next: 18%
Magic:  24/24      EV: 18    Int:  9    God:
Gold:   313        SH:  5    Dex: 11    Spells: 16/16 levels left

rFire   . .          .
                       - Unarmed
rCold   . . .        (shield currently unavailable)
rNeg    . . .        x - melded +3 leather armour "Fotein" {rPois MP+9}
rPois   .            s - +0 helmet
rElec   .            (no cloak)
rCorr   .            (no gloves)
SInv    .            C - +0 pair of boots
Will    +....        y - amulet of reflection
Stlth   +            D - ring of magical power
HPRegen 0.31/turn    (no ring)
MPRegen 0.19/turn

%: reflection
@: flux-form, enlightened, flying, glowing
A: glow, contaminating, fangs 1, strong nose, distributed training
a: Begin Untransformation


You were on level 5 of the Dungeon.
You were something dangerously unstable.
You visited 1 branch of the dungeon, and saw 5 of its levels.

You collected 313 gold pieces.

Inventory:

Missiles
 h - 25 poisoned darts (quivered)
Armour
 k - a +0 chain mail
 n - the +1 ring mail "Wutsit" {Slay+2}
   (You found it on level 2 of the Dungeon)

   Slay+2:    It affects your accuracy & damage with ranged weapons and melee
   (+2).
 s - a +0 helmet (worn)
 x - the +3 leather armour "Fotein" (melded) {rPois MP+9}
   (You found it on level 3 of the Dungeon)

   rPois:     It protects you from poison MP+9: It affects your magic capacity
   (+9).
 C - a +0 pair of boots (worn)
 F - a +2 robe of willpower
Magical Staves
 m - a staff of alchemy
 A - a staff of fire
Jewellery
 y - an amulet of reflection (around neck)
 D - a ring of magical power (left hand)
Talismans
 c - a beast talisman
 d - a flux talisman (active)
Wands
 r - a wand of flame (49)
 G - a wand of light (9)
Scrolls
 a - a scroll of noise {unknown}
 g - a scroll of blinking {unknown}
 i - 3 scrolls of poison {unknown}
 j - a scroll of enchant weapon {unknown}
 l - a scroll of revelation {unknown}
 p - a scroll of amnesia {unknown}
 q - 2 scrolls of fear {unknown}
 v - a scroll of enchant armour {unknown}
 B - 2 scrolls of identify {unknown}
Potions
 b - 2 potions of lignification
 e - 2 potions of invisibility {unknown}
 f - 2 potions of heal wounds {unknown}
 o - 2 potions of enlightenment
 t - 2 potions of mutation {unknown}
 u - a potion of attraction {unknown}
 z - 2 potions of might {unknown}
 E - a potion of resistance {unknown}


   Skills:
 + Level 4.9 Fighting
 + Level 4.1 Short Blades
 + Level 4.1 Long Blades
 + Level 4.1 Axes
 + Level 4.1 Maces & Flails
 + Level 4.1 Polearms
 + Level 4.1 Staves
 + Level 4.1 Ranged Weapons
 + Level 4.1 Throwing
 + Level 4.1 Armour
 + Level 6.2 Dodging
 + Level 4.1 Stealth
 + Level 4.1 Shields
 + Level 7.8 Unarmed Combat
 + Level 4.1 Spellcasting
 + Level 3.4 Conjurations
 + Level 3.4 Hexes
 + Level 3.4 Summonings
 + Level 3.4 Necromancy
 + Level 3.4 Translocations
 + Level 3.4 Fire Magic
 + Level 3.4 Ice Magic
 + Level 3.4 Air Magic
 + Level 3.4 Earth Magic
 + Level 3.4 Alchemy
 + Level 4.5 Invocations
 + Level 4.1 Evocations
 + Level 7.6 Shapeshifting


You had 16 spell levels left.
You didn't know any spells.
Your spell library contained the following spells:

 Spells                   Type           Power      Damage    Failure   Level
 Apportation              Tloc           16%        N/A       7%          1
 Magic Dart               Conj           32%        1d4       7%          1
 Necrotise                Necr           32%        1d5       7%          1
 Sting                    Conj/Alch      32%        1d5       7%          1
 Summon Small Mammal      Summ           32%        N/A       7%          1
 Searing Ray              Conj           16%        2d5       10%         2
 Fulminant Prism          Conj/Alch      4%         3d5       54%         4


Dungeon Overview and Level Annotations

Branches:
Dungeon (5/15)
 Temple: D:4-7

Altars:
Xom

Shops:
D:1 (

Annotations:
D:2 1 runed translucent door, Crazy Yiuf


Innate Abilities, Weirdness & Mutations

You are something dangerously unstable.
You glow with magical radiation, making you easy to see and hit.
Foes you strike become dangerously contaminated with magical radiation.
You are incapable of wielding weapons or throwing items.
You have very sharp teeth.
Your uncanny sense of smell can sniff out nearby items.
Your experience applies equally to all skills.


Message History

Unknown command.
It was a potion of curing.
You feel better. The orc warrior misses you. Something hits you.
* * * LOW HITPOINT WARNING * * *
It was a potion of enlightenment.
You feel very buoyant.
You fly up into the air.
The orc warrior misses you. Something misses you.
You feel better. The orc warrior misses you. Something hits you.
* * * LOW HITPOINT WARNING * * *
You barely miss something.
An orc wizard appears from thin air!
Reactivating autopickup.
You hit the orc wizard.
The orc wizard begins to glow.
The orc wizard is moderately wounded.
The orc warrior misses you.
The orc wizard hits you with a +4 dagger.
* * * LOW HITPOINT WARNING * * *
You feel better.
The orc warrior hits you from afar with a +0 halberd!
* * * LOW HITPOINT WARNING * * *
The orc wizard hits you with a +4 dagger.
* * * LOW HITPOINT WARNING * * *
You feel better.
The orc warrior hits you from afar with a +0 halberd.
* * * LOW HITPOINT WARNING * * *
The orc wizard closely misses you.
You feel better. You block the orc warrior's attack.
The orc wizard barely misses you.
You hit the orc wizard.
The orc wizard glows dangerously bright.
Your bite misses the orc wizard.
The orc wizard is severely wounded.
The orc warrior barely misses you. The orc wizard misses you.
You punch the orc wizard!
You kill the orc wizard!
The orc warrior misses you. The orc warrior barely misses you.
Items here: )))) [[[ ††.
You barely miss the orc warrior.
The orc warrior hits you with a +0 halberd!
You die...

###### ##### #....#
##########...## #####....#
#>......†'....####........#
#.#.....##.......'........#
#.+.....##.#######........#
###.....##.# #......###
#......#p# #.......##
######.o.#############).#
##.......o# #.....
#####...o... #.##.† .o{.o..
#. #.. #...... # #..#
...... +..... )..... #.#.##
####....#.


You could see an orc warrior.

Vanquished Creatures
  Pikel (D:4)
  Grinder (D:4)
  Duvessa (D:4)
  A water moccasin (D:5)
  2 black bears (D:5)
  An ogre (D:4)
  A phantom (D:4)
  Dowan (D:4)
  2 bombardier beetles
  4 crimson imps (D:3)
  A hound (D:3)
  2 orc priests (D:5)
  A jelly (D:5)
  Jessica (D:2)
  2 iguanas
  2 orc wizards (D:5)
  Robin (D:3)
  9 adders
  3 gnolls (D:3)
  3 ribbon worms
  6 orcs
  4 bats
  6 endoplasms
  6 giant cockroaches
  22 goblins
  8 hobgoblins
  12 jackals
  4 quokkas
  5 ball pythons
  2 frilled lizards
  6 kobolds
  13 rats
134 creatures vanquished.

Vanquished Creatures (others)
  A kobold (D:4)
1 creature vanquished.

Grand Total: 135 creatures vanquished

Notes
Turn   | Place    | Note
-------+----------+-------------------------------------------
     0 | D:1      | monsoonserge the Gnoll Shapeshifter began the quest for the
                  | Orb.
     0 | D:1      | Reached XP level 1. HP: 17/17 MP: 1/1
    38 | D:1      | Reached XP level 2. HP: 21/23 MP: 2/2
    90 | D:1      | Found a faded altar of an unknown god.
   146 | D:1      | Found Unukluih's Weapon Shop.
   313 | D:1      | Reached XP level 3. HP: 28/28 MP: 3/3
   718 | D:2      | Reached skill level 1 in Invocations
   731 | D:2      | Reached skill level 1 in Short Blades
   731 | D:2      | Reached skill level 1 in Long Blades
   731 | D:2      | Reached skill level 1 in Axes
   731 | D:2      | Reached skill level 1 in Maces & Flails
   731 | D:2      | Reached skill level 1 in Polearms
   731 | D:2      | Reached skill level 1 in Staves
   731 | D:2      | Reached skill level 1 in Ranged Weapons
   731 | D:2      | Reached skill level 1 in Throwing
   731 | D:2      | Reached skill level 1 in Armour
   731 | D:2      | Reached skill level 1 in Stealth
   731 | D:2      | Reached skill level 1 in Shields
   731 | D:2      | Reached skill level 1 in Spellcasting
   731 | D:2      | Reached skill level 1 in Evocations
   823 | D:2      | Reached XP level 4. HP: 33/34 MP: 5/5
   856 | D:2      | Noticed Jessica
   859 | D:2      | Identified the +1 ring mail "Wutsit" {Slay+2}
   873 | D:2      | Killed Jessica
   874 | D:2      | Reached skill level 1 in Conjurations
   874 | D:2      | Reached skill level 1 in Hexes
   874 | D:2      | Reached skill level 1 in Summonings
   874 | D:2      | Reached skill level 1 in Necromancy
   874 | D:2      | Reached skill level 1 in Translocations
   874 | D:2      | Reached skill level 1 in Fire Magic
   874 | D:2      | Reached skill level 1 in Ice Magic
   874 | D:2      | Reached skill level 1 in Air Magic
   874 | D:2      | Reached skill level 1 in Earth Magic
   874 | D:2      | Reached skill level 1 in Alchemy
  1275 | D:2      | Reached XP level 5. HP: 40/40 MP: 7/7
  1379 | D:2      | Found a runed translucent door.
  1380 | D:2      | Noticed Crazy Yiuf
  1683 | D:3      | Noticed Robin
  1717 | D:3      | Killed Robin
  1879 | D:3      | Found a shimmering altar of Xom.
  1895 | D:3      | Reached XP level 6. HP: 43/47 MP: 8/8
  1911 | D:3      | Reached skill level 5 in Dodging
  2327 | D:3      | Identified the +3 leather armour "Fotein" {rPois MP+9}
  2518 | D:3      | Reached XP level 7. HP: 52/52 MP: 10/10
  3023 | D:4      | Noticed Grinder
  3030 | D:4      | Paralysed by Grinder for 4 turns
  3043 | D:4      | Killed Grinder
  3172 | D:5      | Entered Level 5 of the Dungeon
  3339 | D:5      | Reached XP level 8. HP: 24/60 MP: 12/12
  3670 | D:4      | Noticed Pikel
  3690 | D:4      | Killed Pikel
  3915 | D:4      | Noticed Duvessa
  3916 | D:4      | Noticed Dowan
  3926 | D:4      | Killed Duvessa
  3931 | D:4      | Killed Dowan
  4439 | D:5      | Reached XP level 9. HP: 64/67 MP: 15/15
  4548 | D:5      | HP: 3/67 [something (3)]
  4554 | D:5      | HP: 2/67 [orc wizard/+4 dagger (2)]
  4560 | D:5      | Slain by an orc warrior

Illustrated notes

Levels and vault maps discovered:
D:1:      dpeg_arrival_ratfight, layout_loops_ring,
          hellmonk_ecumenical_altar_arch_garden, serial_shops, shop,
          chequers_jeans
D:2:      minmay_wonky_spiral, layout_loops_cross, uniq_jessica,
          uniq_crazy_yiuf_cottage
D:3:      layout_basic, led_xom_imps, minmay_pentomino_pile, uniq_robin
D:4:      layout_basic, uniq_pikel, uniq_duvessa, uniq_grinder
D:5:      layout_basic

Skill      XL: |  1  2  3  4  5  6  7  8 |
---------------+-------------------------+-----
Invocations    | 1 2 3 4 |  4.5
Short Blades   | 1 2 3 4 |  4.1
Long Blades    | 1 2 3 4 |  4.1
Axes           | 1 2 3 4 |  4.1
Maces & Flails | 1 2 3 4 |  4.1
Polearms       | 1 2 3 4 |  4.1
Staves         | 1 2 3 4 |  4.1
Ranged Weapons | 1 2 3 4 |  4.1
Throwing       | 1 2 3 4 |  4.1
Armour         | 1 2 3 4 |  4.1
Stealth        | 1 2 3 4 |  4.1
Shields        | 1 2 3 4 |  4.1
Spellcasting   | 1 2 3 4 |  4.1
Evocations     | 1 2 3 4 |  4.1
Conjurations   | 1 2 3 |  3.4
Hexes          | 1 2 3 |  3.4
Summonings     | 1 2 3 |  3.4
Necromancy     | 1 2 3 |  3.4
Translocations | 1 2 3 |  3.4
Fire Magic     | 1 2 3 |  3.4
Ice Magic      | 1 2 3 |  3.4
Air Magic      | 1 2 3 |  3.4
Earth Magic    | 1 2 3 |  3.4
Alchemy        | 1 2 3 |  3.4
Fighting       | 3 4 |  4.9
Dodging        | 5 6 |  6.2
Unarmed Combat | 7 |  7.8
Shapeshifting  | 7 |  7.6

Action                     |  1- 3 |  4- 6 |  7- 9 || total
---------------------------+-------+-------+-------++-------
  Melee: Unarmed           |    78 |   146 |   159 ||   383
         Bite              |     5 |    10 |    19 ||    34
         Punch             |     2 |     5 |       ||     7
  Throw: Dart              |       |     3 |       ||     3
  Evoke: Wand              |       |       |     3 ||     3
    Use: Potion            |       |       |     6 ||     6
   Stab: Sleeping          |     2 |     1 |     2 ||     5
 Armour: Animal skin       |    24 |       |       ||    24
         Chain mail        |    17 |    12 |       ||    29
         Ring mail         |       |    57 |       ||    57
         Leather armour    |       |     1 |     1 ||     2
         Skin              |       |       |    61 ||    61
  Dodge: Dodged            |    47 |    77 |   151 ||   275
  Block: Other             |       |       |    21 ||    21
         Reflection        |       |       |     2 ||     2
   Form: Flux              |       |       |     1 ||     1
